 Dungeon Crawl Stone Soup version 0.20.1 (webtiles) character file.

662 vishdafish the Protected (level 7, 0/44 HPs)
             Began as a Gargoyle Monk on July 2, 2017.
             Slain by a gnoll (3 damage)
             ... on level 5 of the Dungeon.
             The game lasted 00:08:07 (3183 turns).

vishdafish the Protected (Gargoyle Monk)            Turns: 3183, Time: 00:08:08

Health: 0/44       AC: 13    Str: 15 (16) XL:     7   Next: 56%
Magic:  7/7        EV: 10    Int: 15 (16) God:
Gold:   176        SH:  0    Dex:  9 (12) Spells: 6/6 levels left

rFire    . . .     SeeInvis .   a - +0 hand axe
rCold    . . .     Gourm    .   (no shield)
rNeg     + . .     Faith    .   w - +0 scale mail
rPois    ∞         Spirit   .   (no helmet)
rElec    +         Reflect  .   (no cloak)
rCorr    .         Harm     .   (no gloves)
MR       .....                  (no boots)
Stlth    ..........             (no amulet)
Regen    0.2/turn               (no ring)
MPRegen  0.1/turn               (no ring)

@: brilliant
A: mutation resistance 1, negative energy resistance 1, electricity resistance,
unbreathing, petrification resistance, rot immunity, AC +4
a: no special abilities


You were on level 5 of the Dungeon.
You were not hungry.

You visited 1 branch of the dungeon, and saw 5 of its levels.

You collected 176 gold pieces.

Inventory:

Hand Weapons
 a - a +0 hand axe (weapon)
Armour
 w - a +0 scale mail (worn)
Scrolls
 e - 3 scrolls of fear {unknown}
 f - 4 scrolls of enchant weapon {unknown}
 g - 2 scrolls of teleportation {unknown}
 h - 4 scrolls of amnesia {unknown}
 i - a scroll of noise {unknown}
 l - 4 scrolls of remove curse {unknown}
 m - 4 scrolls of identify {unknown}
 n - 2 scrolls of magic mapping {unknown}
 p - a scroll of immolation {unknown}
 s - a scroll of blinking {unknown}
 u - a scroll of random uselessness {unknown}
Potions
 q - a potion of mutation
Comestibles
 c - 2 bread rations
 d - 3 meat rations
 t - a royal jelly


   Skills:
 + Level 4.5 Fighting
 * Level 8.2 Axes
 + Level 8.2 Armour
 - Level 2.4 Dodging
 - Level 2.1 Stealth
   Level 7.4 Shields


You had 6 spell levels left.
You didn't know any spells.

Dungeon Overview and Level Annotations

Branches:
Dungeon (5/15)
 Temple: D:4-7

Altars:


Innate Abilities, Weirdness & Mutations

You are resistant to torment.
Your stone body is resilient. (AC +4)
You are immune to poison.
You resist negative energy. (rN+)
You are resistant to electric shocks. (rElec)
You can survive without breathing.
You are immune to petrification.
You are immune to rotting.
You are somewhat resistant to further mutation.


Message History

There was something very wrong with that liquid.
You feel weakened.
You feel dopey.
You feel clumsy. The gnoll hits you but does no damage.
The gnoll sergeant misses you.
You barely miss the gnoll sergeant.
The gnoll sergeant is severely wounded.
The gnoll barely misses you.
You hit the gnoll sergeant.
The gnoll sergeant is almost dead.
The gnoll sergeant hits you but does no damage.
The gnoll hits you but does no damage.
You hit the gnoll sergeant but do no damage.
The gnoll sergeant is almost dead.
The gnoll sergeant hits you but does no damage.
The gnoll hits you but does no damage.
You slash the gnoll sergeant!
You kill the gnoll sergeant!
The gnoll hits you from afar with a spear.
* * * LOW HITPOINT WARNING * * *
You closely miss the gnoll. The gnoll hits you.
You die...

.# ##. ...
#.[ #.# #l#
#g# # #@# #
#####.#)##.#
......g<...#
........####
##.###### #


You could see an iguana and 2 gnolls.

Vanquished Creatures
  The ghost of KleinerIrrer the Covert, a novice OpAs (D:4)
  A gnoll sergeant (D:5)
  An orc wizard (D:4)
  Ijyb (D:2)
  Terence (D:2)
  A worker ant (D:4)
  A hound skeleton (D:4)
  A gnoll (D:5)
  2 adders (D:2)
  3 worms
  3 dart slugs
  2 leopard geckos
  4 orcs
  A giant cockroach (D:2)
  7 goblins
  6 hobgoblins
  4 jackals
  5 kobolds
  A ball python (D:3)
  6 bats
  4 frilled lizards
  7 rats
63 creatures vanquished.

Notes
Turn   | Place    | Note
-------+----------+-------------------------------------------
     0 | D:1      | vishdafish the Gargoyle Monk began the quest for the Orb.
     0 | D:1      | Reached XP level 1. HP: 14/14 MP: 1/1
    20 | D:1      | Reached XP level 2. HP: 9/19 MP: 2/2
   570 | D:2      | Reached skill level 1 in Armour
   570 | D:2      | Reached XP level 3. HP: 13/23 MP: 3/3
  1044 | D:2      | Noticed Terence
  1066 | D:2      | Killed Terence
  1066 | D:2      | Reached XP level 4. HP: 7/29 MP: 4/4
  2115 | D:3      | Noticed Ijyb
  2334 | D:2      | Killed Ijyb
  2334 | D:2      | Reached XP level 5. HP: 20/33 MP: 5/5
  2819 | D:4      | Noticed KleinerIrrer's ghost (novice OpAs)
  2822 | D:4      | Reached XP level 6. HP: 38/38 MP: 6/6
  2841 | D:4      | Killed KleinerIrrer's ghost
  2841 | D:4      | Reached XP level 7. HP: 33/44 MP: 7/7
  3126 | D:4      | HP: 1/44 [ogre/giant spiked club (24)]
  3127 | D:4      | Gained mutation: You are somewhat resistant to further mutation. [potion of mutation]
  3143 | D:5      | Entered Level 5 of the Dungeon
  3183 | D:5      | Slain by a gnoll

Skill      XL: |  1  2  3  4  5  6  7 |
---------------+----------------------+-----
Axes           | 3 4 7 8 |  8.2
Armour         | 1 2 8 |  8.2
Fighting       | 4 |  4.5
Shields        | 7 |  7.4
Dodging        | |  2.4
Stealth        | |  2.1

Action                   |  1- 3 |  4- 6 |  7- 9 || total
-------------------------+-------+-------+-------++-------
Melee: Hand axe          |   110 |   188 |    78 ||   376
Evoke: Wand              |       |     1 |       ||     1
  Use: Potion            |       |     2 |     4 ||     6
 Stab: Sleeping          |     4 |     2 |       ||     6
  Eat: Chunk             |       |     6 |     2 ||     8
Armor: Robe              |    34 |    56 |       ||    90
       Scale mail        |       |     6 |    48 ||    54
Dodge: Dodged            |    58 |    88 |    40 ||   186
